 Dungeon Crawl Stone Soup version 0.31-a0-187-gba352fbbf7 (webtiles) character file.

Game seed: 16375997736266173907

69 qw the Shooter (level 4, -4/25 HPs)
             Began as a Deep Elf Hunter on June 22, 2023.
             Slain by a goblin
             ... wielding a +0 club
              (6 damage)
             ... on level 2 of the Dungeon.
             The game lasted 00:00:22 (836 turns).

qw the Shooter (Deep Elf Hunter)                     Turns: 836, Time: 00:00:23

Health: -4/25      AC:  3    Str:  9 (10) XL:     4   Next: 2%
Magic:  6/6        EV: 12    Int: 11 (14) God:
Gold:   50         SH:  0    Dex: 16 (18) Spells: 3/3 levels left

rFire   . . .        Y - +0 shortbow (flame)
rCold   . . .        (shield currently unavailable)
rNeg    . . .        c - +0 leather armour
rPois   .            (no helmet)
rElec   .            (no cloak)
rCorr   .            (no gloves)
SInv    .            (no boots)
Will    .....        (no amulet)
Stlth   ++           (no ring)
HPRegen 0.24/turn    (no ring)
MPRegen 0.10/turn

%: no passive effects
@: no status effects
A: no striking features
a: no special abilities


You were on level 2 of the Dungeon.
You visited 1 branch of the dungeon, and saw 2 of its levels.

You collected 50 gold pieces.


   Skills:
 - Level 1.5 Fighting
 + Level 7.4 Ranged Weapons
 - Level 2.4 Dodging
 - Level 1.2 Stealth


You had 3 spell levels left.
You didn't know any spells.
Your spell library was empty.

Inventory:

Hand Weapons
 Y - a +0 shortbow of flaming (weapon)
Armour
 c - a +0 leather armour (worn)
Scrolls
 a - a scroll of identify
 f - a scroll of revelation {unknown}
Potions
 b - a potion of enlightenment
 d - a potion of heal wounds {unknown}
 e - a potion of might {unknown}
 h - a potion of mutation {unknown}
 k - a potion of haste {unknown}

Dungeon Overview and Level Annotations

Branches:
Dungeon (2/15)

Altars:

Annotations:
D:2 Robin


Message History

Robin shouts!
The arrow hits the goblin.
The arrow burns the goblin.
You kill the goblin!
Robin roars a battlecry!
The hobgoblins go into a battle-frenzy!
You hear a shout!
You have reached level 4!
You feel clever.
You shoot an arrow. The arrow barely misses the hobgoblin.
A goblin comes into view. It is wielding a +0 dagger.
The hobgoblin hits you.
Robin says, "My army is invincible!"
The hobgoblin hits you.
You shoot an arrow. The arrow hits the hobgoblin.
The arrow burns the hobgoblin.
The hobgoblin is severely wounded.
A goblin comes into view. It is wielding a +0 club.
The hobgoblin completely misses you. Robin throws the goblin at you!
The hobgoblin closely misses you. The goblin barely misses you.
You shoot an arrow. The goblin shouts!
The arrow hits the hobgoblin.
The arrow burns the hobgoblin.
You kill the hobgoblin!
You hear a shout!
A goblin comes into view. It is wielding a +0 club.
An orc comes into view. It is wielding a +0 hand axe.
A hobgoblin comes into view.
The hobgoblin barely misses you. The goblin closely misses you.
You shoot an arrow. The arrow closely misses the goblin.
The hobgoblin hits you. The hobgoblin closely misses you.
The goblin hits you with a +0 club.
You shoot an arrow. The arrow completely misses the goblin.
The hobgoblin barely misses you. The hobgoblin hits you.
The goblin closely misses you.
You shoot an arrow. The arrow hits the goblin.
The arrow burns the goblin.
The goblin is heavily wounded.
The hobgoblin completely misses you. x2; The goblin hits you with a +0 club.
You shoot an arrow. The arrow barely misses the goblin.
The hobgoblin hits you.
An orc priest comes into view. It is wielding a +0 war axe.
The hobgoblin barely misses you. The goblin hits you with a +0 club.
You die...

..o .).. ##
.gg# .# #o. ..
###)g #.##
..gg# #..##
#gg#### ...#
#g@g.# #. #..##
####.## #.
#.... #.)# #.
##.### ##.#
#.###...## #.##
#..##.....
#..## #.#..#...
##..###...###.#
##..#....# #.#
##...#.## #.#


You could see Robin, an orc priest (wandering), an orc, 3 hobgoblins and 5
goblins.

Vanquished Creatures
  Jessica (D:2)
  A gnoll (D:1)
  5 ball pythons (D:1)
  An endoplasm (D:2)
  A giant cockroach (D:1)
  5 goblins
  3 hobgoblins
  3 quokkas
  4 bats (D:1)
  4 kobolds
  4 rats (D:1)
32 creatures vanquished.

Notes
Turn   | Place    | Note
-------+----------+-------------------------------------------
     0 | D:1      | qw the Deep Elf Hunter began the quest for the Orb.
     0 | D:1      | Reached XP level 1. HP: 12/12 MP: 3/3
     0 | D:1      | 0 ||| qw: Version: 0.3-a-9-g12657ce
     0 | D:1      | 0 ||| qw: Game counter: 2665
     0 | D:1      | 0 ||| qw: Always use a shield: true
     0 | D:1      | 0 ||| qw: God list: Okawaru
     0 | D:1      | 0 ||| qw: Allow faded altars: false
     0 | D:1      | 0 ||| qw: Do Orc after D:15 true
     0 | D:1      | 0 ||| qw: Do second Lair branch before Depths: true
     0 | D:1      | 0 ||| qw: Lair rune preference: random
     0 | D:1      | 0 ||| qw: Plans: Normal
     0 | D:1      | 0 ||| PLANNING D:1-11
    85 | D:1      | Reached skill level 6 in Ranged Weapons
    85 | D:1      | Reached XP level 2. HP: 16/16 MP: 4/4
    86 | D:1      | You fall into a shaft and drop 1 floor!
    98 | D:2      | Noticed Jessica
   101 | D:2      | Killed Jessica
   102 | D:2      | Reached XP level 3. HP: 20/20 MP: 5/5
   102 | D:2      | 102 ||| DROPPING scroll of butterflies.
   119 | D:1      | Reached skill level 7 in Ranged Weapons
   422 | D:1      | 422 ||| Stepping ~*~*~tactically~*~*~ (outnumbered).
   719 | D:1      | 719 ||| DROPPING amulet of magic regeneration.
   720 | D:1      | 720 ||| READING scroll labelled YDIUCV SUSISMA.
   721 | D:1      | 721 ||| READING scroll labelled UMAWAR LYHEO.
   722 | D:1      | 722 ||| READING scroll labelled AFUOGR LAMUAW.
   723 | D:1      | 723 ||| READING scroll labelled QALERCHAIGOT.
   724 | D:1      | 724 ||| DRINKING 2 dark potions.
   725 | D:1      | 725 ||| DRINKING 2 fuming puce potions.
   726 | D:1      | 726 ||| DROPPING potion of degeneration.
   828 | D:2      | Noticed Robin
   830 | D:2      | Reached XP level 4. HP: 25/25 MP: 6/6
   835 | D:2      | HP: 5/25 [goblin/+0 club (5)]
   836 | D:2      | HP: 2/25 [hobgoblin[Robin] (3)]
   836 | D:2      | Slain by a goblin

Levels and vault maps discovered:
D:1:      dpeg_arrival_shrine, layout_basic
D:2:      layout_rooms, dreamdust_ecumenical_altar_statues,
          minmay_misc_feat_hallway, due_unseen_surprise, uniq_jessica,
          uniq_robin

Skill      XL: |  1  2  3 |
---------------+----------+-----
Ranged Weapons | 6 7 |  7.4
Fighting       | |  1.5
Dodging        | |  2.4
Stealth        | |  1.2

Action                     |  1- 3 |  4- 6 || total
---------------------------+-------+-------++-------
   Fire: Shortbow          |    75 |     7 ||    82
    Use: Scroll            |     4 |       ||     4
         Potion            |     2 |       ||     2
 Armour: Leather armour    |    13 |       ||    13
  Dodge: Dodged            |    17 |    11 ||    28

Table legend:
 A = Non-vault XP
 B = Vault XP
 C = Vault XP percentage of total XP
 D = Non-vault monster count
 E = Vault monster count
 F = Vault count percentage of total count
                 A         B        C        D         E       F
            +---------+---------+-------+---------+---------+-------
      Total |      55 |      44 |  44.4 |      27 |       5 |  15.6
            +---------+---------+-------+---------+---------+-------
        D:1 |      49 |       0 |   0.0 |      24 |       0 |   0.0
        D:2 |       6 |      44 |  88.0 |       3 |       5 |  62.5
            +---------+---------+-------+---------+---------+-------
